 Dungeon Crawl Stone Soup version 0.26-a0-415-g2a9615731a (webtiles) character file.

Game seed: 5490297889822264021

3073 KristoblXynda the Grappler (level 9, -2/111 HPs)
             Began as a Troll Hedge Wizard on July 25, 2020.
             Was an Initiate of Cheibriados.
             Slain by a yak (9 damage)
             ... on level 8 of the Dungeon.
             The game lasted 00:12:16 (6382 turns).

KristoblXynda the Grappler (Troll Hedge Wizard)     Turns: 6382, Time: 00:12:16

Health: -2/111     AC: 24    Str: 21    XL:     9   Next: 58%
Magic:  11/11      EV:  1    Int: 14    God:    Cheibriados [......]
Gold:   500        SH:  0    Dex: 10    Spells: 8/12 levels left

rFire    + . .     SeeInvis .     - Unarmed
rCold    . . .     Faith    .   (no shield)
rNeg     + + +     Spirit   .   (armour currently unavailable)
rPois    +         Reflect  .   (helmet currently unavailable)
rElec    .         Harm     .   (cloak currently unavailable)
rCorr    .         NoTele   +   (gloves unavailable)
MR       +....                  (boots unavailable)
Stlth    +.........             (no amulet)
HPRegen  0.68/turn              r - ring of protection from fire
MPRegen  0.12/turn              v - ring of protection from magic

@: tree-form, very slow
A: large, unfitting armour, regeneration 1
a: Bend Time, Renounce Religion


You were on level 8 of the Dungeon.
You worshipped Cheibriados.
Cheibriados was noncommittal.
You were a tree.
You visited 2 branches of the dungeon, and saw 9 of its levels.
You also visited: Sewer.

You collected 500 gold pieces.

Inventory:

Hand Weapons
 k - a +0 morningstar
 p - a +1 whip of electrocution
Armour
 a - a +2 robe of magic resistance (melded)
 c - a +0 hat (melded)
 n - a +0 cloak (melded)
 q - a +2 robe of the Archmagi
Jewellery
 r - a ring of protection from fire (left branch)
 v - a ring of protection from magic (right branch)
Wands
 o - a wand of clouds (8)
 w - a wand of polymorph (3)
Scrolls
 d - 2 scrolls of fear {unknown}
 h - 2 scrolls of remove curse
 j - 5 scrolls of teleportation
 l - a scroll of immolation
 s - 4 scrolls of amnesia
 t - a scroll of fog {unknown}
 u - a scroll of enchant armour {unknown}
 x - a scroll of enchant weapon
 y - a scroll of magic mapping {unknown}
Potions
 e - 2 potions of stabbing
 f - a potion of lignification
 g - 6 potions of flight
 i - 6 potions of haste
 m - 2 potions of might
 z - 2 potions of brilliance
 A - 3 potions of ambrosia


   Skills:
 + Level 6.0 Dodging
 - Level 1.0 Stealth
 + Level 8.0 Unarmed Combat
 - Level 2.0 Spellcasting
 + Level 6.2 Conjurations
   Level 0.6 Summonings
   Level 0.6 Translocations


You had 8 spell levels left.
You knew the following spells:

 Your Spells              Type           Power        Failure   Level
a - Magic Dart            Conj           ###.         1%          1
b - Mephitic Cloud        Conj/Pois/Air  #.......     30%         3

Your spell library contained the following spells:

 Spells                   Type           Power        Failure   Level
 Conjure Flame            Conj/Fire      ##......     21%         3
 Blink                    Tloc           N/A          28%         2
 Call Imp                 Summ           #.......     28%         2
 Slow                     Hex            #.......     34%         2
 Gell's Gravitas          Tloc           #.........   50%         3
 Confusing Touch          Hex            #.......     56%         3
 Petrify                  Tmut/Erth      #.......     93%         4
 Metabolic Englaciation   Hex/Ice        #.........   100%        5
 Yara's Violent Unravell  Hex/Tmut       #.........   100%        5


Dungeon Overview and Level Annotations

Branches:
Dungeon (9/15)             Temple (1/1) D:5            Lair (0/6) D:8
  Sewer (visited)
    Orc: D:9-12

Altars:
Ashenzari
Cheibriados
Dithmenos
Elyvilon
Gozag
Hepliaklqana
Kikubaaqudgha
Makhleb
Nemelex Xobeh
Sif Muna
Uskayaw
Vehumet
Xom
Yredelemnul
Zin
The Shining One

Shops:
D:5 [***


Innate Abilities, Weirdness & Mutations

You are too large for most types of armour.
((You have claws for hands.))
Your natural rate of healing is unusually fast.
((You are covered in fur. (AC +1)))
((You have extremely tough skin. (AC +3)))


Message History

The yak gores you.
* * * LOW HITPOINT WARNING * * *
You scratch the yak but do no damage. The yak closely misses you.
You completely miss the yak.
The yak is almost dead.
The yak barely misses you. The yak gores you!
* * * LOW HITPOINT WARNING * * *
Unknown command.
Really quaff the potion of lignification?
You turn into a tree.
Your +0 cloak melds into your body.
Your +0 hat melds into your body.
Your +2 robe of magic resistance melds into your body.
You feel less resistant to hostile enchantments.
Your roots penetrate the ground.
The yak gores you but does no damage. The yak gores you.
* * * LOW HITPOINT WARNING * * *
You feel better.
The yak snorts and paws the ground.
The yak gores you!
You die...

# ####......#.......
# ..........#.......
########.....#....#
.............#.#####
.......##....#.....#
.......###(..#####.#
.......# ###.#
#.#####.# ....####
#.#####.......#
....#
#.##.♣YY.#....#
....#
..##Y###.##..##
#...# ....# ........
#...#
..####.##.#...##
#...# ... #. .# #.#
##### .. # .# .# .
## #


You could see 3 yaks.

Vanquished Creatures
  Maurice (D:8)
  2 hippogriffs (D:8)
  Sigmund (D:4)
  A yak (D:8)
  A water moccasin (D:8)
  An ice beast (D:8)
  A phantom (D:5)
  2 sky beasts
  A necrophage (D:8)
  3 ogres
  The ghost of pentaxis93 the Sneak, an amateur OpCj (D:3)
  Blork the orc (D:4)
  2 bullfrogs (Sewer)
  A howler monkey (D:5)
  A bullfrog zombie (D:5)
  Crazy Yiuf (D:4)
  A hound (D:8)
  2 jellies
  4 orc priests
  2 bullfrog skeletons (D:5)
  6 orc wizards
  An iguana (D:6)
  Terence (D:3)
  Natasha (thrice) (D:2)
  2 worker ants
  Robin (D:3)
  A gnoll (D:3)
  13 adders
  2 river rats (D:3)
  A shadow imp (D:5)
  A white imp (D:3)
  13 oozes (Sewer)
  2 adder skeletons
  2 worms (D:3)
  A dart slug (D:1)
  15 leopard geckos
  21 orcs
  6 bats
  8 giant cockroaches
  14 goblins
  8 hobgoblins
  10 jackals
  4 quokkas
  6 ball pythons
  11 frilled lizards
  A jackal skeleton (D:8)
  7 kobolds
  A leopard gecko zombie (D:8)
  8 rats
200 creatures vanquished.

Vanquished Creatures (others)
  Pikel (D:4)
  An adder (D:8)
2 creatures vanquished.

Grand Total: 202 creatures vanquished

Notes
Turn   | Place    | Note
-------+----------+-------------------------------------------
     0 | D:1      | KristoblXynda the Troll Hedge Wizard began the quest for
                  | the Orb.
     0 | D:1      | Reached XP level 1. HP: 16/16 MP: 2/2
   174 | D:1      | Reached skill level 1 in Conjurations
   189 | D:1      | Reached skill level 1 in Unarmed Combat
   193 | D:1      | Reached XP level 2. HP: 24/24 MP: 4/4
   956 | D:2      | Reached XP level 3. HP: 31/31 MP: 5/5
  1046 | D:2      | Noticed Natasha
  1061 | D:2      | Killed Natasha
  1061 | D:2      | Reached skill level 2 in Unarmed Combat
  1365 | D:2      | Reached XP level 4. HP: 39/39 MP: 6/6
  1536 | D:2      | Noticed Natasha
  1555 | D:2      | Killed Natasha
  1600 | D:2      | Noticed Natasha
  1618 | D:2      | Killed Natasha
  1618 | D:2      | Reached skill level 3 in Unarmed Combat
  1913 | D:3      | Noticed Robin
  1940 | D:3      | Reached XP level 5. HP: 28/45 MP: 7/7
  1979 | D:3      | Killed Robin
  2248 | D:3      | Found a glowing drain.
  2253 | Sewer    | Entered a sewer
  2319 | Sewer    | Reached skill level 4 in Unarmed Combat
  2379 | Sewer    | Reached XP level 6. HP: 53/53 MP: 8/8
  2855 | D:3      | Reached XP level 7. HP: 58/59 MP: 9/9
  3095 | D:3      | Reached skill level 5 in Unarmed Combat
  3114 | D:3      | Noticed Terence
  3128 | D:3      | Killed Terence
  3340 | D:3      | Found a runed translucent gate.
  3340 | D:3      | Found a runed translucent gate.
  3340 | D:3      | Found a runed translucent gate.
  3340 | D:3      | Found an opulent altar of Gozag.
  3341 | D:3      | Noticed pentaxis93's ghost (amateur OpCj)
  3556 | D:3      | Killed pentaxis93's ghost
  3797 | D:4      | Noticed Blork the orc
  3822 | D:4      | Killed Blork the orc
  3904 | D:4      | Noticed Pikel
  3912 | D:4      | Killed Pikel
  4065 | D:4      | Noticed Sigmund
  4073 | D:4      | Killed Sigmund
  4073 | D:4      | Reached XP level 8. HP: 55/67 MP: 10/10
  4102 | D:4      | Found a runed translucent door.
  4103 | D:4      | Noticed Crazy Yiuf
  4111 | D:4      | Killed Crazy Yiuf
  4359 | D:4      | Reached skill level 6 in Unarmed Combat
  4754 | D:5      | Entered Level 5 of the Dungeon
  4806 | D:5      | Reached skill level 5 in Conjurations
  4909 | D:5      | Found Wyatwot's Assorted Antiques.
  5094 | D:5      | Found a staircase to the Ecumenical Temple.
  5297 | D:5      | Found Tusmoeq's Antique Armour Shoppe.
  5345 | D:5      | Found Othocrett's Assorted Antiques.
  5404 | D:5      | Reached skill level 7 in Unarmed Combat
  5431 | D:5      | Found Xobosmul's Assorted Antiques.
  5436 | D:5      | Reached skill level 5 in Dodging
  5436 | D:5      | Reached XP level 9. HP: 51/74 MP: 11/11
  5484 | Temple   | Entered the Ecumenical Temple
  5492 | Temple   | Became a worshipper of Cheibriados the Contemplative
  5686 | D:6      | Found a shadowy altar of Dithmenos.
  5759 | D:6      | You fall into a shaft and drop 3 floors!
  5794 | D:8      | Found a staircase to the Lair.
  5943 | D:8      | Learned a level 3 spell: Mephitic Cloud
  6064 | D:8      | Noticed Maurice
  6077 | D:8      | Killed Maurice
  6378 | D:8      | Reached skill level 8 in Unarmed Combat
  6380 | D:8      | HP: 2/73 [yak (16)]
  6382 | D:8      | Slain by a yak

Illustrated notes

Levels and vault maps discovered:
D:1:      dpeg_arrival_orchard, layout_basic, hex_intersection
D:2:      layout_basic, uniq_natasha
D:3:      layout_loops_ring, ebering_ghost_gozag, lightli_sewer_entry_pipes,
          uniq_robin, uniq_terence
D:4:      layout_cave_pools, hangedman_abyss_or_decor_passed, bh_walls_and_bars,
          uniq_crazy_yiuf_cottage, uniq_blork_the_orc, uniq_pikel, uniq_sigmund
D:5:      layout_loops_ring, temple_doors_e, serial_shops, shop,
          kennysheep_mini_moat, kennysheep_little_box, shop
D:6:      layout_rooms, grunt_dithmenos_smoke_and_mirrors
D:8:      layout_basic, grunt_temple_overflow_bloody_war, lair_entry_dummy,
          david_defended_altar_elf, uniq_maurice
D:9:      layout_long_grid, grunt_temple_overflow_cloverleaf, serial_undead,
          serial_undead_a, serial_undead_a, serial_undead_e, serial_undead_b,
          serial_undead_b, supply_closet_lemuel, uniq_erica, uniq_erolcha
Temple:   nicolae_temple_no_exploring_needed

Skill      XL: |  1  2  3  4  5  6  7  8  9 |
---------------+----------------------------+-----
Conjurations   | 1 2 3 4 5 6 |  6.2
Unarmed Combat | 1 2 3 4 5 7 8 |  8.0
Dodging        | 2 3 5 6 |  6.0
Stealth        | |  1.0
Spellcasting   | |  2.0
Summonings     | |  0.6
Translocations | |  0.6

Action                   |  1- 3 |  4- 6 |  7- 9 || total
-------------------------+-------+-------+-------++-------
Melee: Unarmed           |   104 |   312 |   362 ||   778
       Punch             |       |       |     6 ||     6
  Use: Scroll            |       |     8 |     9 ||    17
       Potion            |       |       |     2 ||     2
 Stab: Sleeping          |     2 |       |     3 ||     5
Armor: Robe              |    38 |   162 |   105 ||   305
       Skin              |       |       |     3 ||     3
Dodge: Dodged            |    46 |   164 |   138 ||   348

Table legend: (Time is in decaauts)
 A = Elapsed time spent in this place.
 B = Non-inter-level travel time spent in this place.
 C = Inter-level travel time spent in this place.
 D = Time resting spent in this place.
 E = Time spent auto-exploring this place.
 F = Levels seen in this place.
 G = Mean time per level.
                   A        B        C        D        E       F      G
               +--------+--------+--------+--------+--------+-----+--------+
         Total |   6584 |   6413 |    171 |    877 |   3553 |  10 |  658.4 |
       Dungeon |   6009 |   5838 |    171 |    716 |   3553 |   8 |  751.1 |
        Temple |     20 |     20 |      0 |      0 |      0 |   1 |   20.0 |
         Sewer |    555 |    555 |      0 |    161 |      0 |   1 |  555.0 |
               +--------+--------+--------+--------+--------+-----+--------+

Top non-repeatable levels by time:
     D:3: 1407 daAuts
     D:2: 1197 daAuts
     D:4: 963 daAuts
     D:5: 897 daAuts
     D:1: 692 daAuts
     D:8: 672 daAuts
   Sewer: 555 daAuts
     D:6: 137 daAuts
     D:9: 41 daAuts
  Temple: 20 daAuts
